 Dungeon Crawl Stone Soup version 0.31-a0-95-g6fa058ef04 (webtiles) character file.

Game seed: 4261952261436367822

272 jlumianski the Trooper (level 6, -8/48 HPs)
             Began as a Demonspawn Fighter on May 25, 2023.
             Was an Initiate of Qazlal.
             Mangled by an ogre
             ... wielding a +0 giant club
              (12 damage)
             ... on level 3 of the Dungeon.
             The game lasted 00:12:11 (2632 turns).

jlumianski the Trooper (Demonspawn Fighter)         Turns: 2632, Time: 00:12:12

Health: -8/48      AC: 13    Str: 18    XL:     6   Next: 2%
Magic:  6/6        EV:  5    Int: 10    God:    Qazlal [......]
Gold:   113        SH:  4    Dex: 12    Spells: 5/5 levels left

rFire   . . .        p - +0 long sword
rCold   . . .        c - +0 buckler
rNeg    . . .        n - +0 plate armour
rPois   .            (no helmet)
rElec   .            (no cloak)
rCorr   .            (no gloves)
SInv    .            (no boots)
Will    .....        (no amulet) Stlth
                     (no ring)
HPRegen 0.28/turn    (no ring)
MPRegen 0.10/turn

%: no passive effects
@: no status effects
A: slimy green scales 1
a: Renounce Religion


You were on level 3 of the Dungeon.
You worshipped Qazlal.
Qazlal was noncommittal.
You visited 2 branches of the dungeon, and saw 5 of its levels.

You collected 133 gold pieces.
You spent 20 gold pieces at shops.

Inventory:

Hand Weapons
 a - a +0 war axe
 j - a +3 whip
 p - a +0 long sword (weapon)
 t - a +2 spectral quarterstaff
Missiles
 e - 15 stones (quivered)
 g - 6 boomerangs
Armour
 b - a +0 scale mail
 c - a +0 buckler (worn)
 n - a +0 plate armour (worn)
Scrolls
 h - a scroll of acquirement {unknown}
 i - a scroll of magic mapping
 m - 2 scrolls of teleportation
 s - a scroll of silence {unknown}
Potions
 f - a potion of enlightenment
 k - a potion of degeneration
 l - a potion of curing {unknown}
 o - 2 potions of haste
 q - a potion of mutation
 r - a potion of berserk rage {unknown}


   Skills:
 + Level 3.8 Fighting
 * Level 3.2 Long Blades
 - Level 2.6 Axes
 + Level 3.5 Armour
 + Level 0.4 Dodging
 - Level 0.2 Stealth
 + Level 3.2 Shields


You had 5 spell levels left.
You didn't know any spells.
Your spell library contained the following spells:

 Spells                   Type           Power      Damage    Failure   Level
 Gell's Gravitas          Tloc           0%         N/A       100%        3
 Teleport Other           Tloc           0%         N/A       100%        3
 Dispersal                Tloc           0%         N/A       100%        6


Dungeon Overview and Level Annotations

Branches:
Dungeon (4/15)             Temple (1/1) D:4

Altars:
Ashenzari
Fedhas
Gozag
Hepliaklqana
Kikubaaqudgha
Makhleb
Nemelex Xobeh
Qazlal
Sif Muna
Trog
Xom
Yredelemnul

Shops:
D:1 (   D:3 *?


Innate Abilities, Weirdness & Mutations

You are partially covered in slimy green scales. (AC +2)


Message History

You feel strangely unstable.
It was a scroll of teleportation.
Your surroundings suddenly seem different.
As you read the scroll labelled ZUZYCZAWOUSK, it crumbles to dust.
You feel aware of your surroundings.
It was a scroll of magic mapping.
There is an entrance to Lonkah's Magic Scroll Shoppe here.
Done exploring.
You have 113 gold pieces.
Unknown command.
(D) Dungeon (T) Temple
Where to? (Enter - D:3, ? - help)
What level of the Dungeon? (default 1, ? - help)
There is a stone staircase leading down here.
You climb downwards.
You block the ogre's attack.
There is a stone staircase leading up here.
The ogre hits you with a +0 giant club.
You climb upwards.
There is a stone staircase leading down here.
You hit the ogre.
The ogre is lightly wounded.
The ogre hits you with a +0 giant club!
You hit the ogre.
The ogre is moderately wounded.
The ogre hits you with a +0 giant club.
You barely miss the ogre.
The ogre is moderately wounded.
You slash the ogre!
The ogre is severely wounded.
The ogre closely misses you.
You completely miss the ogre.
The ogre is severely wounded.
The ogre hits you with a +0 giant club!!
* * * LOW HITPOINT WARNING * * *
You hit the ogre but do no damage.
The ogre is severely wounded.
The ogre hits you with a +0 giant club.
* * * LOW HITPOINT WARNING * * *
You hit the ogre.
The ogre is severely wounded.
The ogre hits you with a +0 giant club!
You die...

#.# #.....# #.# #.### #.###.#
#.# #...# #.# #.# ##.##########
###.# #.# #.# #............ #.#
#.# #.# ##.########.# #.# #.#
#.# ###.# #.# #.# #.###.###...#
#.# #.# #...O..##.#.# #.# #@#
#....@....#.# ##.# #.#
###.###..#..#.#######[.. #.#
#...........#.##......#. #.#
#.#.###..........####...
##.#####..#...........#####....
#..#.##..#.##..#.##..#.##......
#..##.#..##.#..##.#..##.#......
###....##....##....##....##....
##.@##.#..##.#..##.#..##.#.....


You could see an ogre.

Vanquished Creatures
  Pargi (D:2)
  An iguana (D:4)
  Terence (D:3)
  An orc wizard (D:4)
  4 adders
  2 worms (D:2)
  6 orcs (D:3)
  4 bats
  5 endoplasms
  3 giant cockroaches
  5 goblins
  6 hobgoblins
  2 kobolds
  3 quokkas
  2 ball pythons
  5 frilled lizards
  7 rats
58 creatures vanquished.

Notes
Turn   | Place    | Note
-------+----------+-------------------------------------------
     0 | D:1      | jlumianski the Demonspawn Fighter began the quest for the
                  | Orb.
     0 | D:1      | Reached XP level 1. HP: 18/18 MP: 1/1
     6 | D:1      | Noticed a water moccasin
     6 | D:1      | Noticed a lindwurm
     7 | D:1      | Noticed a wyvern
     7 | D:1      | Noticed a komodo dragon
   110 | D:1      | Upgraded the game from 0.31-a0-83-gbff143cfd1 to
                  | 0.31-a0-95-g6fa058ef04
   135 | D:1      | Found Fewkan's Antique Weapon Shop.
   242 | D:1      | Gained mutation: You are partially covered in slimy green
                  | scales. (AC +2) [demonic ancestry]
   242 | D:1      | Reached XP level 2. HP: 24/24 MP: 2/2
   530 | D:1      | Found a faded altar of an unknown god.
   827 | D:2      | Reached XP level 3. HP: 29/29 MP: 3/3
  1448 | D:3      | Found Peoxar's General Store.
  1520 | D:3      | Reached XP level 4. HP: 35/35 MP: 4/4
  1568 | D:4      | Found a staircase to the Ecumenical Temple.
  1586 | D:3      | Reached skill level 1 in Long Blades
  1659 | D:4      | Reached XP level 5. HP: 38/42 MP: 5/5
  1677 | Temple   | Entered the Ecumenical Temple
  1781 | Temple   | Became a worshipper of Qazlal Stormbringer
  1839 | D:3      | Found Lonkah's Magic Scroll Shoppe.
  1849 | D:3      | Bought a scroll of identify for 20 gold pieces
  2072 | D:4      | Noticed an ogre
  2262 | D:3      | Noticed Pargi
  2262 | D:3      | Noticed Terence
  2308 | D:2      | Killed Pargi
  2317 | D:3      | Killed Terence
  2318 | D:3      | Reached XP level 6. HP: 31/48 MP: 6/6
  2632 | D:3      | Mangled by an ogre

Illustrated notes

Levels and vault maps discovered:
D:1:      onia_arrival_zoo_common, layout_rooms, serial_shops,
          nicolae_shop_dealshenge, dreamdust_ecumenical_altar_statues,
          palyth_stone_intersect
D:2:      layout_loops_ring
D:3:      layout_loops_ring, serial_shops, shop, shop, nicolae_eternal_life,
          minmay_large_rounded_square, hangedman_decor_growths,
          chequers_serial_rivers_micro_b, st_stairs_14, uniq_pargi, uniq_terence
D:4:      layout_cave_pods, grunt_dithmenos_smoke_and_mirrors,
          minmay_temple_entry_waves, serial_bayou_pond_b, guppyfry_shop_venom,
          uniq_duvessa, uniq_sigmund
Temple:   hellmonk_temple_forest_ring

Skill      XL: |  1  2  3  4  5 |
---------------+----------------+-----
Shields        | 3 |  3.2
Armour         | 3 |  3.5
Axes           | 2 |  2.6
Long Blades    | 1 3 |  3.2
Fighting       | |  3.8
Dodging        | |  0.4
Stealth        | |  0.2

Action                     |  1- 3 |  4- 6 || total
---------------------------+-------+-------++-------
  Melee: War axe           |   129 |       ||   129
         Long sword        |     1 |    80 ||    81
    Use: Scroll            |       |     5 ||     5
         Potion            |       |     2 ||     2
 Armour: Scale mail        |    31 |       ||    31
         Plate armour      |    62 |    78 ||   140
  Dodge: Dodged            |    26 |    18 ||    44
  Block: Buckler           |    31 |    27 ||    58

Table legend: (Time is in decaauts)
 A = Elapsed time spent in this place.
 B = Non-inter-level travel time spent in this place.
 C = Inter-level travel time spent in this place.
 D = Time resting spent in this place.
 E = Time spent auto-exploring this place.
 F = Levels seen in this place.
 G = Mean time per level.
                   A        B        C        D        E       F      G
               +--------+--------+--------+--------+--------+-----+--------+
         Total |   2727 |   2623 |    104 |      0 |   1667 |   5 |  545.4 |
       Dungeon |   2604 |   2500 |    104 |      0 |   1577 |   4 |  651.0 |
        Temple |    122 |    122 |      0 |      0 |     90 |   1 |  122.0 |
               +--------+--------+--------+--------+--------+-----+--------+

Top non-repeatable levels by time:
     D:3: 1083 daAuts
     D:2: 732 daAuts
     D:1: 634 daAuts
     D:4: 153 daAuts
  Temple: 122 daAuts
